 Dungeon Crawl Stone Soup version 0.21.1-1-g345015fe64 (webtiles) character file.

2211 Osmon the Archer (level 9, 0/74 HPs)
             Began as a Centaur Arcane Marksman on July 31, 2018.
             Was a Believer of Okawaru.
             Slain by a hornet (5 damage)
             ... on level 8 of the Dungeon.
             The game lasted 01:32:02 (6324 turns).

Osmon the Archer (Centaur Arcane Marksman)          Turns: 6324, Time: 01:32:03

Health: 0/74       AC: 11    Str: 13    XL:     9   Next: 13%
Magic:  10/10      EV:  4    Int: 17    God:    Okawaru [**....]
Gold:   300        SH:  0    Dex: 13    Spells: 9/10 levels left

rFire    . . .     SeeInvis .   a - +1 shortbow
rCold    . . .     Gourm    .   (shield currently unavailable)
rNeg     . . .     Faith    .   u - +0 chain mail
rPois    .         Spirit   .   B - +0 helmet
rElec    .         Reflect  .   m - +0 cloak
rCorr    +         Harm     .   b - +0 pair of gloves
MR       .....                  (no barding)
Stlth    ..........             (no amulet)
HPRegen  0.22/turn              F - ring of wizardry
MPRegen  0.12/turn              L - ring of resist corrosion

@: confused, brilliant, lethally poisoned (0 -> -6), slowed
A: large, hooves 3, deformed body, speed 2, tough skin 3
a: Heroism, Renounce Religion


You were on level 8 of the Dungeon.
You worshipped Okawaru.
Okawaru was pleased with you.
You were not hungry.

You visited 2 branches of the dungeon, and saw 9 of its levels.

You collected 300 gold pieces.

Inventory:

Hand Weapons
 a - a +1 shortbow (weapon)
 e - a +1 dagger of venom {fungi ass}
 g - a +0 dagger
 p - a +0 flail
 w - a +3 short sword of speed
 x - a +0 antimagic dagger
 H - a +0 rapier
 Q - a +0 shortbow
 T - a +0 lajatang
Missiles
 d - 89 arrows (quivered)
 i - 74 bolts
 l - 7 poisoned needles
 E - 2 tomahawks
Armour
 b - a +0 pair of gloves (worn)
 m - a +0 cloak (worn)
 s - a +1 helmet
 u - a +0 chain mail (worn)
 y - a +0 pair of gloves
 B - a +0 helmet (worn)
 I - a +0 leather armour
 M - a +0 pair of boots of flying
Jewellery
 j - an uncursed amulet of harm
 D - an uncursed amulet of magic regeneration
 F - a ring of wizardry (left hand)
 L - a ring of resist corrosion (right hand)
Wands
 h - a wand of digging (10)
 r - a wand of paralysis (9)
 S - a wand of disintegration (12)
Scrolls
 o - 2 scrolls of enchant armour
 q - 3 scrolls of teleportation
 t - a scroll of amnesia
 v - a scroll of noise
 A - 2 scrolls of enchant weapon
 K - a scroll of blinking {unknown}
 O - a scroll of remove curse
 U - a scroll of magic mapping
Potions
 k - a potion of curing
 n - 2 potions of agility
 J - a potion of cancellation {unknown}
 N - a potion of lignification {unknown}
Books
 c - a book of Debilitation

   Spells                             Type                      Level
   a - Corona                         Hexes                        1
   b - Slow                           Hexes                        2
   c - Inner Flame                    Hexes/Fire                   3
   d - Portal Projectile              Hexes/Translocation          3
   e - Cause Fear                     Hexes                        4
   f - Leda's Liquefaction            Hexes/Earth                  4
 C - a book of Changes

   Spells                             Type                      Level
   a - Beastly Appendage              Transmutation                1
   b - Sticks to Snakes               Transmutation                2
   c - Spider Form                    Transmutation/Poison         3
   d - Ice Form                       Ice/Transmutation            4
   e - Blade Hands                    Transmutation                5
Comestibles
 f - 3 rations
 R - 3 chunks of flesh


   Skills:
 + Level 5.3 Fighting
 + Level 2.2 Short Blades
 + Level 12.1 Bows
 + Level 0.8 Throwing
 + Level 2.2 Armour
 + Level 1.9 Dodging
 + Level 0.5 Stealth
 + Level 1.0 Spellcasting
 + Level 3.2 Hexes
 + Level 1.0 Invocations


You had 9 spell levels left.
You knew the following spells:

 Your Spells              Type           Power        Failure   Level  Hunger
a - Corona                Hex            ###....      19%         1    ##.....


Dungeon Overview and Level Annotations

Branches:
Dungeon (8/15)             Temple (1/1) D:6
   Lair: D:8-11

Altars:
Ashenzari
Cheibriados
Elyvilon
Fedhas
Gozag
Hepliaklqana
Kikubaaqudgha
Makhleb
Nemelex Xobeh
Okawaru
Ru
Sif Muna
Trog
Uskayaw
Vehumet
Wu Jian
Yredelemnul
Zin
The Shining One

Shops:
D:5 }

Annotations:
D:5 Prince Ribbit


Innate Abilities, Weirdness & Mutations

You have hooves in place of feet.
Armour fits poorly on your strangely shaped body.
You cover ground very quickly.
You have extremely tough skin. (AC +3)


Message History

You feel better.
The hornet stings you but does no damage. x2
The howler monkey hoots and howls with incredible vigour!
An orc comes into view. It is wielding a flail.
You are confused.
You feel invigorated.
The orc shouts!
The hornet stings you.
* * * LOW HITPOINT WARNING * * *
You feel as though you will be slow longer.
The hornet stings you.
* * * LOW HITPOINT WARNING * * *
You are poisoned.
You feel as though you will be slow longer.
You feel clever all of a sudden.
You feel sick. The hornet stings you!
* * * LOW HITPOINT WARNING * * *
You feel as though you will be slow longer.
The hornet stings you.
You die...

#.. ##(# #?# # (..# #.# ###
.# #..# #.#.# ##<##.# #(.#
#.#.# #รท....# #..# #.#.#
#.....# ######.(#
#.#.##########.....#
......hh#
#.#@##........#.##.#
#######.# #.#y##.....^..#.#
.#
.....<.(###.#c##........#.#
#
...(.....chhho.....>.......
........y.(.(...........#.#
.###..#.##....####....#.#.#
#..#.##....# #....#.#.#
#..#.##....# #....#.#
#..#.##...## #....#


You could see a hornet (inner flame), a centaur (inner flame), a howler monkey
and an orc.

Vanquished Creatures
  Grinder (D:4)
  Eustachio (D:5)
  Menkaure (D:4)
  2 phantoms
  A sky beast (D:7)
  A centaur (D:7)
  4 bullfrogs
  A water moccasin zombie (D:6)
  A scorpion (D:5)
  A water moccasin skeleton (D:7)
  2 howler monkeys (D:8)
  A crimson imp (D:6)
  8 hounds
  A jelly (D:6)
  A bullfrog skeleton (D:6)
  7 orc wizards
  2 iguanas
  4 worker ants
  Terence (D:3)
  A hound zombie (D:5)
  Robin (D:2)
  7 adders
  2 shadow imps
  2 oozes
  An adder zombie (D:6)
  2 worms
  2 dart slugs
  5 leopard geckos
  20 orcs
  4 bats
  5 giant cockroaches
  14 goblins
  8 hobgoblins
  7 jackals
  5 kobolds
  3 quokkas
  2 ball pythons
  4 frilled lizards
  A leopard gecko skeleton (D:6)
  6 rats
143 creatures vanquished.

Notes
Turn   | Place    | Note
-------+----------+-------------------------------------------
     0 | D:1      | Osmon the Centaur Arcane Marksman began the quest for the Orb.
     0 | D:1      | Reached XP level 1. HP: 16/16 MP: 2/2
    68 | D:1      | Reached XP level 2. HP: 9/23 MP: 3/3
   229 | D:1      | Reached skill level 3 in Bows
   873 | D:2      | Reached XP level 3. HP: 28/28 MP: 4/4
  1279 | D:2      | Reached skill level 4 in Bows
  1291 | D:2      | Noticed Robin
  1299 | D:2      | Killed Robin
  1354 | D:2      | Reached XP level 4. HP: 32/35 MP: 5/5
  1797 | D:3      | Reached skill level 5 in Bows
  1828 | D:3      | Noticed Terence
  1872 | D:3      | Killed Terence
  1889 | D:3      | Reached XP level 5. HP: 23/41 MP: 6/6
  2191 | D:3      | Reached skill level 6 in Bows
  2483 | D:4      | Noticed Grinder
  2491 | D:4      | Paralysed by Grinder for 5 turns
  2512 | D:4      | Paralysed by Grinder for 4 turns
  2666 | D:4      | Killed Grinder
  2666 | D:4      | Reached skill level 7 in Bows
  2666 | D:4      | Reached XP level 6. HP: 17/50 MP: 7/7
  2692 | D:5      | Entered Level 5 of the Dungeon
  2726 | D:4      | Reached skill level 8 in Bows
  2810 | D:4      | HP: 2/51 [poisoned by an adder]
  2816 | D:4      | HP: 2/51 [poisoned by an adder]
  2821 | D:4      | HP: 1/51 [poisoned by an adder]
  2853 | D:3      | Found a snail-covered altar of Cheibriados.
  3168 | D:4      | Noticed Menkaure
  3177 | D:4      | Killed Menkaure
  3177 | D:4      | Reached XP level 7. HP: 21/57 MP: 8/8
  3193 | D:4      | Learned a level 3 spell: Inner Flame
  3227 | D:4      | Found a shattered altar of Ashenzari.
  3574 | D:5      | Reached skill level 9 in Bows
  3707 | D:5      | Noticed Eustachio
  3842 | D:5      | Killed Eustachio
  3842 | D:5      | Reached skill level 1 in Armour
  4161 | D:5      | Found Gutuj's Gadget Shop.
  4178 | D:5      | Noticed Prince Ribbit
  4468 | D:5      | Reached skill level 10 in Bows
  4468 | D:5      | Reached XP level 8. HP: 51/66 MP: 9/9
  4868 | D:6      | Found a staircase to the Ecumenical Temple.
  4903 | D:6      | Reached skill level 1 in Short Blades
  4937 | Temple   | Entered the Ecumenical Temple
  5001 | Temple   | Became a worshipper of Warmaster Okawaru
  5638 | D:7      | Reached * piety under Okawaru
  5638 | D:7      | Reached skill level 11 in Bows
  5766 | D:7      | Reached skill level 5 in Fighting
  5914 | D:7      | Reached XP level 9. HP: 30/74 MP: 10/10
  5975 | D:7      | Reached skill level 12 in Bows
  6057 | D:7      | Found a white marble altar of Elyvilon.
  6074 | D:7      | Reached ** piety under Okawaru
  6105 | D:7      | Found a glowing silver altar of Zin.
  6311 | D:8      | Reached skill level 1 in Invocations
  6315 | D:8      | Paralysed by a hornet for 1 turns
  6324 | D:8      | Slain by a hornet

Skill      XL: |  1  2  3  4  5  6  7  8  9 |
---------------+----------------------------+-----
Hexes          | 3 |  3.2
Bows           | 3 4 5 7 8 10 11 12 | 12.1
Fighting       | 2 3 4 5 |  5.3
Armour         | 1 2 |  2.2
Short Blades   | 1 2 |  2.2
Invocations    | 1 |  1.0
Throwing       | |  0.8
Dodging        | |  1.9
Stealth        | |  0.5
Spellcasting   | |  1.0

Action                   |  1- 3 |  4- 6 |  7- 9 || total
-------------------------+-------+-------+-------++-------
Melee: Shortbow          |       |     4 |       ||     4
       Dagger            |       |     3 |    47 ||    50
       Kick              |       |     2 |    30 ||    32
       Short sword       |       |       |    74 ||    74
 Fire: Shortbow          |   180 |   205 |   308 ||   693
Throw: Tomahawk          |       |       |    15 ||    15
Invok: Heroism           |       |       |     4 ||     4
  Use: Scroll            |       |     9 |     6 ||    15
       Potion            |       |     3 |     3 ||     6
  Eat: Ration            |     1 |     1 |     2 ||     4
       Chunk             |       |       |     2 ||     2
Armor: Robe              |     5 |       |       ||     5
       Scale mail        |    53 |    21 |       ||    74
       Chain mail        |       |    65 |   229 ||   294
Dodge: Dodged            |    60 |    18 |    49 ||   127
